 Dungeon Crawl Stone Soup version 0.31-a0-963-ga325b2283a (webtiles) character file.

Game seed: 4277192212841978449

88 LeprechaunX the Changeling (level 4, 0/29 HPs)
             Began as an Octopode Shapeshifter on Oct 25, 2023.
             Slain by an orc
             ... wielding a +0 morningstar
              (1 damage)
             ... on level 3 of the Dungeon.
             The game lasted 00:01:24 (1831 turns).

LeprechaunX the Changeling (Octopode Shapeshifter)  Turns: 1831, Time: 00:01:24

Health: 0/29       AC:  1    Str: 15    XL:     4   Next: 54%
Magic:  4/4        EV: 13    Int: 12    God:
Gold:   106        SH:  0    Dex: 11    Spells: 3/3 levels left

rFire   . .          .
                       - Unarmed
rCold   . . .        (no shield)
rNeg    . . .        (helmet currently unavailable)
rPois   .            (no amulet)
rElec   .            (no ring)
rCorr   .            (no ring)
SInv    .            (no ring)
Will    .....        (no ring)
Stlth   ++           (no ring)
HPRegen 0.24/turn    (no ring)
MPRegen 0.09/turn    (no ring)
                     (no ring)

%: no passive effects
@: beast-form
A: beast (slay +2), almost no armour, amphibious, 8 rings, camouflage 1,
gelatinous body 1, (nimble swimmer 1), tentacles
a: Begin Untransformation


You were on level 3 of the Dungeon.
You were a hulking beast.
You visited 1 branch of the dungeon, and saw 3 of its levels.

You collected 106 gold pieces.

Inventory:

Missiles
 h - a throwing net
Jewellery
 d - a +5 ring of evasion
Talismans
 b - a beast talisman
 c - a flux talisman
Scrolls
 e - a scroll of butterflies {unknown}
 f - a scroll of teleportation {unknown}
 j - 2 scrolls of identify {unknown}
 k - a scroll of enchant armour {unknown}
Potions
 a - a potion of lignification
 g - a potion of attraction {unknown}
 i - a potion of enlightenment {unknown}


   Skills:
 + Level 2.1 Fighting
 - Level 2.0 Dodging
 + Level 3.6 Unarmed Combat
 * Level 4.0 Shapeshifting


You had 3 spell levels left.
You didn't know any spells.
Your spell library was empty.

Dungeon Overview and Level Annotations

Branches:
Dungeon (3/15)

Altars:


Innate Abilities, Weirdness & Mutations

You are a hulking beast.
Your limbs bulge with bestial killing power. (Slay +2)
You cannot wear most types of armour.
You are amphibious.
You can wear up to eight rings at the same time.
Your skin changes colour to match your surroundings (Stealth+).
Your rubbery body absorbs attacks. (AC +1, EV +1)
((You are camouflaged when in or above water. (Stealth+)))
You have tentacles for arms and can constrict up to eight enemies at once.


Message History

You now have 106 gold pieces (gained 3).
An orc wizard and a goblin come into view.
There are monsters nearby!
There are monsters nearby!
There are monsters nearby!
There are monsters nearby!
Found a long sword.
You see here a scroll labelled BISKISMUSH.
The goblin shouts!
An orc comes into view. It is wielding a +0 mace.
The orc wizard shouts!
You hear a shout!
The orc wizard gestures at you while chanting.
You are confused.
The orc shouts!
You are too confused!
You are too confused!
You are too confused!
An orc comes into view. It is wielding a +0 morningstar.
The orc shouts!
The orc wizard barely misses you. The orc closely misses you.
You miss the orc. The orc closely misses you.
You closely miss the orc. The orc barely misses you.
The orc attacks as it pursues you! The orc hits you with a +0 mace.
You closely miss the orc. The goblin hits you with a +0 club.
You're too confused to move!
The goblin hits you with a +0 club. The orc hits you with a +0 morningstar.
You bump into the rock wall.
You feel less confused. The orc wizard misses you.
The orc hits you with a +0 morningstar!
* * * LOW HITPOINT WARNING * * *
The goblin barely misses you.
You tentacle-slap the orc wizard but do no damage.
Your grab misses the orc wizard. The orc wizard completely misses you.
The goblin barely misses you. The orc misses you.
You barely miss the orc wizard. You grab the orc wizard.
Your squeeze misses the orc wizard. You constrict the orc wizard.
The orc wizard hits you with a +0 dagger.
* * * LOW HITPOINT WARNING * * *
The orc hits you with a +0 morningstar.
You die...

##### #### #.... ...#
#.... ...# #.... ...
#.... ). ...#.# #.o.#
. #oo# .# #hg## ..#
#. #...#.... . #.
###........ ##.###.
#..?......#
.......###.#....#..#
###.................#
.....###.....##......
##........#### .#...#
..........#####....#.


You could see an orc wizard, 2 orcs and a goblin.

Vanquished Creatures
  4 gnolls
  2 worms (D:2)
  A dart slug (D:1)
  7 bats
  An endoplasm (D:1)
  7 giant cockroaches
  3 goblins (D:1)
  A hobgoblin (D:2)
  3 quokkas
  6 ball pythons
  2 frilled lizards
  2 kobolds (D:2)
  3 rats
42 creatures vanquished.

Notes
Turn   | Place    | Note
-------+----------+-------------------------------------------
     0 | D:1      | LeprechaunX the Octopode Shapeshifter began the quest for
                  | the Orb.
     0 | D:1      | Reached XP level 1. HP: 13/13 MP: 1/1
    99 | D:1      | Reached XP level 2. HP: 16/18 MP: 2/2
   465 | D:1      | Reached XP level 3. HP: 17/23 MP: 3/3
  1542 | D:3      | Reached XP level 4. HP: 17/29 MP: 4/4
  1659 | D:2      | HP: 1/29 [gnoll/+0 heavy flail (20)]
  1661 | D:2      | Reached skill level 4 in Shapeshifting
  1831 | D:3      | HP: 1/29 [orc wizard/+0 dagger (4)]
  1831 | D:3      | Slain by an orc

Illustrated notes

Levels and vault maps discovered:
D:1:      matt_arrival_refuge, layout_basic, serial_park_tiny_1,
          minmay_pentomino_x4
D:2:      layout_loops_ring, kennysheep_generic_room_11
D:3:      layout_rooms, serial_forest, infiniplex_forest_lined_2,
          infiniplex_forest_lined_2, infiniplex_forest_straight_2,
          infiniplex_forest_end_2, infiniplex_forest_lined_3_way

Skill      XL: |  1  2  3  4 |
---------------+-------------+-----
Fighting       | 2 |  2.1
Shapeshifting  | 4 |  4.0
Dodging        | |  2.0
Unarmed Combat | |  3.6

Action                     |  1- 3 |  4- 6 || total
---------------------------+-------+-------++-------
  Melee: Unarmed           |    65 |    15 ||    80
         Constrict         |    20 |     6 ||    26
         Tentacles         |    11 |     3 ||    14
         Punch             |     1 |       ||     1
   Stab: Sleeping          |     6 |       ||     6
 Armour: Skin              |    24 |    12 ||    36
  Dodge: Dodged            |    31 |    19 ||    50

Table legend: (Time is in decaauts)
 A = Elapsed time spent in this place.
 B = Non-inter-level travel time spent in this place.
 C = Inter-level travel time spent in this place.
 D = Time resting spent in this place.
 E = Time spent auto-exploring this place.
 F = Levels seen in this place.
 G = Mean time per level.
                   A        B        C        D        E       F      G
               +--------+--------+--------+--------+--------+-----+--------+
         Total |   1827 |   1811 |     16 |    216 |   1379 |   3 |  609.0 |
       Dungeon |   1827 |   1811 |     16 |    216 |   1379 |   3 |  609.0 |
               +--------+--------+--------+--------+--------+-----+--------+

Top non-repeatable levels by time:
     D:2: 1017 daAuts
     D:1: 733 daAuts
     D:3: 75 daAuts
